 Dungeon Crawl Stone Soup version 0.31-a0-165-g3f4f80340b (webtiles) character file.

Game seed: 9227444666755777134

7127 qw the Skirmisher (level 11, -2/71 HPs)
             Began as a Gargoyle Hunter on June 13, 2023.
             Was an Elder of Okawaru.
             Slain by an orc warrior
             ... wielding a +0 short sword
              (6 damage)
             ... on level 9 of the Dungeon.
             The game lasted 00:03:39 (7360 turns).

qw the Skirmisher (Gargoyle Hunter)                 Turns: 7360, Time: 00:03:39

Health: -2/71      AC: 16    Str: 16    XL:     11   Next: 10%
Magic:  14/15      EV: 17    Int:  9    God:    Okawaru [****..]
Gold:   171        SH:  5    Dex: 17    Spells: 10/10 levels left

rFire   + + .        q - +0 orcbow
rCold   + + +        (shield currently unavailable)
rNeg    + . .        e - +2 robe {rF+}
rPois   inf          n - +0 helmet
rElec   +            p - scarf {rC+ rF+}
rCorr   .            (no gloves)
SInv    .            d - +1 pair of boots
Will    .....        o - amulet of reflection
Stlth   +++          l - ring of protection from cold
HPRegen 0.31/turn    r - ring of protection from cold
MPRegen 0.14/turn

%: reflection
@: heroic
A: sickness immunity, AC +8, negative energy resistance 1, electricity
resistance, torment resistance 1, petrification resistance
a: Renounce Religion, Heroism, Finesse


You were on level 9 of the Dungeon.
You worshipped Okawaru.
Okawaru was greatly pleased with you.
You visited 1 branch of the dungeon, and saw 9 of its levels.
You also visited: Ossuary.

You collected 407 gold pieces.
You spent 236 gold pieces at shops.


Innate Abilities, Weirdness & Mutations

You are immune to sickness and miasma.
Your stone body is resilient. (AC +8)
You are immune to poison.
You resist negative energy. (rN+)
You are resistant to electric shocks. (rElec)
You are resistant to unholy torment.
You are immune to petrification.


   Skills:
 - Level 9.0(14.0) Fighting
 + Level 13.3(18.3) Ranged Weapons
 - Level 2.0(7.0) Armour
 - Level 4.1(9.1) Dodging
 - Level 1.1(6.1) Stealth
 + Level 5.5 Invocations


You had 10 spell levels left.
You didn't know any spells.
Your spell library was empty.

Inventory:

Hand Weapons
 q - a +0 orcbow (weapon)
Armour
 d - a +1 pair of boots (worn)
 e - a +2 robe of fire resistance (worn)
 n - a +0 helmet (worn)
 p - a scarf of resistance (worn)
Jewellery
 l - a ring of protection from cold (left hand)
 o - an amulet of reflection (around neck)
 r - a ring of protection from cold (right hand)
Scrolls
 a - a scroll of identify
Potions
 b - 2 potions of mutation
 f - a potion of magic
 g - 6 potions of haste
 h - 12 potions of curing
 i - a potion of cancellation
 j - 5 potions of lignification
 k - a potion of attraction
 m - a potion of might

Dungeon Overview and Level Annotations

Branches:
Dungeon (9/15)             Temple (0/1) D:6             Orc (0/2) D:9
Ossuary (visited)
   Lair: D:8-11

Altars:
Dithmenos
Fedhas
Hepliaklqana
Okawaru
Qazlal
Sif Muna
Vehumet
Wu Jian
Xom
Yredelemnul

Shops:
D:4 !   D:5 *

Portals:
Bailey: D:8


Message History

Okawaru accepts your kill. The orc completely misses you.
The orc priest mumbles some strange prayers to Beogh against you.
Beogh smites you!
You hear some strange, mumbled words.
A puff of flame appears from out of thin air!
The puff of flame hits you but does no damage.
You shoot an arrow. The arrow hits the orc!
You kill the orc!
Okawaru accepts your kill.
You shoot an arrow. The arrow barely misses the orc.
The arrow hits the orc warrior.
The orc warrior is moderately wounded.
A swamp drake comes into view.
The orc closely misses you. The orc barely misses you.
An orc priest comes into view. It is wielding a +0 whip.
Something barely misses you.
You shoot an arrow.
The arrow barely misses the orc warrior.
The orc priest looks encouraged for a moment.
The orc warrior hits you with a +0 dire flail.
The orc completely misses you. The orc hits you but does no damage.
An orc comes into view. It is wielding a +0 whip of draining.
Something hits you.
You shoot an arrow. The arrow hits the orc warrior!
The orc warrior is severely wounded.
You shoot an arrow. The arrow hits the orc warrior.
The orc warrior is almost dead.
The swamp drake breathes poison at you.
The noxious blast engulfs the orc but does no damage.
The orc is engulfed in noxious fumes.
The orc appears confused.
The orc warrior is engulfed in noxious fumes.
The orc warrior appears confused.
The orc warrior barely misses you.
The orc is engulfed in noxious fumes.
The orc closely misses you. Something hits you but does no damage.
You shoot an arrow. The arrow hits the orc warrior!
You kill the orc warrior!
Okawaru accepts your kill.
The orc warrior hits you with a +0 short sword.
You die...

# ############
.. #...........
..[#......!....
........>..o..#
.....0o{)...o[.
.k.$.00@o.o.?o?
$....o00.......
...!.0.........
###############


You could see a swamp drake, an orc warrior, 2 orc priests and 4 orcs.

Vanquished Creatures
  Pikel (D:6)
  3 polar bears (D:8)
  Grinder (D:6)
  Sigmund (D:4)
  2 wyverns
  7 yaks
  4 hogs (D:7)
  A human (D:7)
  Menkaure (D:4)
  2 water moccasins
  Duvessa (D:4)
  4 ice beasts
  A sky beast (D:7)
  2 orc warriors (D:9)
  2 wolves (D:8)
  2 ogres
  4 centaurs
  3 lemures (D:6)
  A phantom (D:5)
  2 kobold brigands
  A gnoll sergeant (D:9)
  4 bullfrogs
  2 scorpions
  Dowan (D:4)
  5 wights
  An electric eel (D:8)
  An orc priest (D:6)
  A hound (D:6)
  3 jellies
  2 sleepcaps
  Ijyb (D:4)
  5 iguanas
  7 orc wizards
  13 mummies (Ossuary)
  11 adders
  10 gnolls
  2 shadow imps (D:6)
  7 white imps
  4 ufetubi
  A worm (D:4)
  44 orcs
  4 bats
  7 endoplasms
  3 giant cockroaches
  15 goblins
  4 hobgoblins
  4 jackals
  12 kobolds
  6 ball pythons
  4 frilled lizards
  2 gnoll skeletons (Ossuary)
  A goblin skeleton (Ossuary)
  3 kobold skeletons (Ossuary)
  2 orc skeletons (Ossuary)
  4 rats
  11 rat skeletons (Ossuary)
253 creatures vanquished.

Vanquished Creatures (others)
  A hound (D:6)
1 creature vanquished.

Grand Total: 254 creatures vanquished

Notes
Turn   | Place    | Note
-------+----------+-------------------------------------------
     0 | D:1      | qw the Gargoyle Hunter began the quest for the Orb.
     0 | D:1      | Reached XP level 1. HP: 12/12 MP: 1/1
     0 | D:1      | 0 ||| qw: Version: 0.2-a-29-gc1b59c4
     0 | D:1      | 0 ||| qw: Game counter: 4716
     0 | D:1      | 0 ||| qw: Always use a shield: true
     0 | D:1      | 0 ||| qw: God list: Okawaru
     0 | D:1      | 0 ||| qw: Allow faded altars: false
     0 | D:1      | 0 ||| qw: Do Orc after D:15 true
     0 | D:1      | 0 ||| qw: Do second Lair branch before Depths: true
     0 | D:1      | 0 ||| qw: Lair rune preference: random
     0 | D:1      | 0 ||| qw: Plans: Normal, Zot:1-4, Slime:5, God:TSO, Crypt,
                  | Tomb, Abyss, Pan, Hells, Win
     0 | D:1      | 0 ||| PLANNING D:1-11
   118 | D:1      | Reached XP level 2. HP: 17/17 MP: 2/2
   399 | D:1      | Found a faded altar of an unknown god.
   623 | D:1      | 623 ||| UPGRADING to +0 pair of boots.
   628 | D:1      | 628 ||| READING 2 scrolls labelled ZATEJO KOEGOLU.
   629 | D:1      | 629 ||| READING 3 scrolls labelled UMIYSE HONGYNO.
   630 | D:1      | 630 ||| READING 2 scrolls of enchant weapon.
   630 | D:1      | 630 ||| ENCHANTING +1 shortbow.
   631 | D:1      | 631 ||| READING scroll of enchant weapon.
   631 | D:1      | 631 ||| ENCHANTING +2 shortbow.
   632 | D:1      | 632 ||| DRINKING 6 silvery potions.
   633 | D:1      | 633 ||| DROPPING scroll of butterflies.
   671 | D:2      | Found a basalt altar of Yredelemnul.
   702 | D:2      | Reached XP level 3. HP: 21/21 MP: 3/3
   747 | D:2      | Reached skill level 5 in Ranged Weapons
   946 | D:2      | Reached skill level 3 in Fighting
  1043 | D:2      | Reached XP level 4. HP: 28/28 MP: 4/4
  1311 | D:2      | 1311 ||| READING scroll labelled BEDUNY HAQUG.
  1312 | D:2      | 1312 ||| DRINKING 2 coppery potions.
  1313 | D:2      | 1313 ||| DRINKING 2 clear potions.
  1314 | D:2      | 1314 ||| DROPPING potion of brilliance.
  1531 | D:3      | Found an iron altar of Okawaru.
  1532 | D:3      | 1532 ||| PLANNING OKAWARU WORSHIP
  1532 | D:3      | 1532 ||| UPGRADING to +0 ring mail.
  1542 | D:3      | 1542 ||| DROPPING +0 leather armour.
  1543 | D:3      | 1543 ||| READING scroll labelled ZICKUI MESHA.
  1544 | D:3      | 1544 ||| READING scroll labelled GIATIU LURERR.
  1552 | D:3      | Became a worshipper of Warmaster Okawaru
  1552 | D:3      | 1552 ||| PLANNING D:1-11
  1696 | D:3      | 1696 ||| Stepping ~*~*~tactically~*~*~ (outnumbered).
  1699 | D:3      | 1699 ||| Stepping ~*~*~tactically~*~*~ (outnumbered).
  1704 | D:3      | Reached skill level 1 in Armour
  1710 | D:3      | Reached XP level 5. HP: 30/32 MP: 5/5
  1726 | D:3      | HP: 8/32 [something/puff of flame (8)]
  1729 | D:3      | Reached skill level 6 in Ranged Weapons
  2021 | D:3      | 2021 ||| READING scroll labelled YNAMITH JIOC.
  2022 | D:3      | 2022 ||| READING 2 scrolls of identify.
  2022 | D:3      | 2022 ||| IDENTIFYING sapphire potion
  2058 | D:4      | 2058 ||| PLANNING OSSUARY
  2135 | D:4      | Found Zoiki's Distillery.
  2144 | D:4      | 2144 ||| BUYING potion of curing (30 gold).
  2144 | D:4      | Bought a potion of curing for 30 gold pieces
  2144 | D:4      | 2144 ||| BUYING potion of haste (100 gold).
  2144 | D:4      | Bought a potion of haste for 100 gold pieces
  2144 | D:4      | 2144 ||| BUYING potion of heal wounds (50 gold).
  2144 | D:4      | Bought a potion of heal wounds for 50 gold pieces
  2144 | D:4      | 2144 ||| BUYING potion of lignification (30 gold).
  2144 | D:4      | Bought a potion of lignification for 30 gold pieces
  2144 | D:4      | 2144 ||| SHOPLISTING potion of lignification (30 gold, have
                  | 5).
  2144 | D:4      | 2144 ||| SHOPLISTING potion of magic (80 gold, have 5).
  2144 | D:4      | 2144 ||| SHOPLISTING potion of resistance (100 gold, have
                  | 5).
  2169 | D:4      | Reached XP level 6. HP: 34/38 MP: 6/6
  2169 | D:4      | 2169 ||| FLEEEEING.
  2170 | D:4      | 2170 ||| FLEEEEING.
  2176 | D:4      | Noticed Sigmund
  2197 | D:4      | Killed Sigmund
  2197 | D:4      | Reached * piety under Okawaru
  2198 | D:4      | Reached skill level 7 in Ranged Weapons
  2304 | D:4      | Reached XP level 7. HP: 43/43 MP: 7/7
  2376 | D:4      | Reached skill level 1 in Invocations
  2460 | D:4      | Found a sand-covered staircase.
  2461 | D:4      | 2461 ||| UPGRADING to +2 robe of fire resistance.
  2471 | D:4      | 2471 ||| DROPPING +0 ring mail.
  2472 | D:4      | 2472 ||| READING scroll labelled TULEZU ZANKU.
  2473 | D:4      | 2473 ||| READING scroll labelled XEK YMPECH.
  2474 | D:4      | 2474 ||| READING scroll labelled IRCHOU HOUWNEONY.
  2475 | D:4      | 2475 ||| READING scroll labelled FOPIHUIJUR.
  2478 | D:4      | 2478 ||| READING 2 scrolls of identify.
  2478 | D:4      | 2478 ||| IDENTIFYING black potion
  2479 | D:4      | 2479 ||| DROPPING potion of degeneration.
  2503 | D:4      | Noticed Dowan
  2504 | D:4      | 2504 ||| INVOKING Heroism.
  2510 | D:4      | Killed Dowan
  2511 | D:4      | Noticed Ijyb
  2519 | D:4      | Killed Ijyb
  2521 | D:4      | Noticed Duvessa
  2522 | D:4      | 2522 ||| INVOKING Heroism.
  2536 | D:4      | Killed Duvessa
  2660 | Ossuary  | Entered an ossuary
  2713 | Ossuary  | 2713 ||| READING scroll of enchant armour.
  2713 | Ossuary  | 2713 ||| ENCHANTING +0 pair of boots.
  2737 | Ossuary  | Reached skill level 3 in Invocations
  2952 | Ossuary  | 2952 ||| INVOKING Heroism.
  3009 | Ossuary  | 3009 ||| READING scroll of enchant weapon.
  3009 | Ossuary  | 3009 ||| ENCHANTING +3 shortbow of freezing.
  3101 | Ossuary  | 3101 ||| INVOKING Heroism.
  3162 | Ossuary  | 3162 ||| READING 2 scrolls labelled JAOTHUD ESETT.
  3163 | Ossuary  | 3163 ||| READING scroll labelled HAEHOON SUXTACVU.
  3164 | Ossuary  | 3164 ||| READING 2 scrolls of identify.
  3164 | Ossuary  | 3164 ||| IDENTIFYING viscous ruby potion
  3165 | Ossuary  | 3165 ||| DROPPING scroll of amnesia.
  3203 | D:4      | 3203 ||| PLANNING D:1-11
  3296 | D:4      | Found a shimmering blue altar of Sif Muna.
  3373 | D:4      | Noticed Menkaure
  3374 | D:4      | 3374 ||| INVOKING Heroism.
  3377 | D:4      | Killed Menkaure
  3378 | D:4      | Reached skill level 8 in Ranged Weapons
  3378 | D:4      | Reached XP level 8. HP: 38/48 MP: 7/10
  3424 | D:4      | 3424 ||| UPGRADING to ring of protection from cold.
  3425 | D:4      | 3425 ||| DRINKING 2 smoky pink potions.
  3426 | D:4      | 3426 ||| DROPPING potion of invisibility.
  3440 | D:5      | Entered Level 5 of the Dungeon
  3613 | D:5      | Found a basalt altar of Yredelemnul.
  3620 | D:5      | Found Rur Voelorr's General Store.
  3639 | D:5      | 3639 ||| SHOPLISTING +6 sling of the Shoals {drain, Contam
                  | rPois rF- Will+++} (770 gold, have 69).
  3639 | D:5      | 3639 ||| BUYING scroll of identify (26 gold).
  3639 | D:5      | Bought a scroll of identify for 26 gold pieces
  3908 | D:5      | 3908 ||| INVOKING Heroism.
  3999 | D:5      | Reached skill level 9 in Ranged Weapons
  4378 | D:5      | 4378 ||| UPGRADING to +0 helmet.
  4383 | D:5      | 4383 ||| READING 3 scrolls of identify.
  4383 | D:5      | 4383 ||| IDENTIFYING murky silvery potion
  4384 | D:5      | 4384 ||| READING 2 scrolls of identify.
  4384 | D:5      | 4384 ||| IDENTIFYING smoky emerald potion
  4385 | D:5      | 4385 ||| DROPPING potion of ambrosia.
  4470 | D:6      | Found a stormy altar of Qazlal.
  4530 | D:6      | 4530 ||| INVOKING Heroism.
  4603 | D:6      | Found a hazy altar of Hepliaklqana.
  4638 | D:6      | Found a staircase to the Ecumenical Temple.
  4639 | D:6      | 4639 ||| INVOKING Heroism.
  4644 | D:6      | Reached skill level 6 in Fighting
  4645 | D:6      | Noticed Pikel
  4659 | D:6      | 4659 ||| INVOKING Heroism.
  4665 | D:6      | Killed Pikel
  4666 | D:6      | Reached skill level 10 in Ranged Weapons
  4666 | D:6      | Reached XP level 9. HP: 46/55 MP: 9/12
  4888 | D:6      | Found an ornate altar of the Wu Jian Council.
  4942 | D:6      | Reached ** piety under Okawaru
  4943 | D:6      | Reached skill level 3 in Dodging
  4945 | D:6      | 4945 ||| FLEEEEING.
  4946 | D:6      | 4946 ||| FLEEEEING.
  4951 | D:6      | 4951 ||| FLEEEEING.
  4952 | D:6      | 4952 ||| FLEEEEING.
  5016 | D:6      | 5016 ||| INVOKING Heroism.
  5044 | D:6      | Noticed Grinder
  5045 | D:6      | 5045 ||| INVOKING Heroism.
  5053 | D:6      | Killed Grinder
  5077 | D:6      | Found a shimmering altar of Xom.
  5234 | D:6      | Found a shadowy altar of Dithmenos.
  5378 | D:6      | 5378 ||| DRINKING 2 grey potions.
  5379 | D:6      | 5379 ||| DROPPING potion of enlightenment.
  5416 | D:7      | Found a radiant altar of Vehumet.
  5676 | D:7      | Reached skill level 11 in Ranged Weapons
  5873 | D:7      | Reached XP level 10. HP: 57/64 MP: 13/13
  5873 | D:7      | 5873 ||| FLEEEEING.
  6114 | D:7      | Reached *** piety under Okawaru
  6120 | D:7      | Reached skill level 12 in Ranged Weapons
  6123 | D:7      | 6123 ||| INVOKING Heroism.
  6272 | D:7      | Found a blossoming altar of Fedhas.
  6284 | D:7      | 6284 ||| UPGRADING to scarf of resistance.
  6289 | D:7      | 6289 ||| UPGRADING to amulet of reflection.
  6326 | D:8      | 6326 ||| INVOKING Heroism.
  6372 | D:8      | 6372 ||| Stepping ~*~*~tactically~*~*~ (outnumbered).
  6440 | D:8      | 6440 ||| SWAPPING to +0 orcbow.
  6442 | D:8      | 6442 ||| DROPPING +4 shortbow of freezing.
  6458 | D:8      | 6458 ||| INVOKING Heroism.
  6480 | D:8      | Reached skill level 13 in Ranged Weapons
  6581 | D:8      | 6581 ||| Stepping ~*~*~tactically~*~*~ (outnumbered).
  6677 | D:8      | Reached **** piety under Okawaru
  6712 | D:8      | 6712 ||| INVOKING Heroism.
  6720 | D:8      | 6720 ||| Stepping ~*~*~tactically~*~*~ (outnumbered).
  6770 | D:8      | Found a flagged portal.
  6889 | D:8      | Reached skill level 9 in Fighting
  7001 | D:8      | 7001 ||| UPGRADING to ring of protection from cold.
  7002 | D:8      | 7002 ||| READING 3 scrolls of identify.
  7002 | D:8      | 7002 ||| IDENTIFYING metallic purple potion
  7003 | D:8      | 7003 ||| READING 2 scrolls of identify.
  7003 | D:8      | 7003 ||| IDENTIFYING cyan potion
  7115 | D:9      | Reached XP level 11. HP: 60/71 MP: 14/14
  7118 | D:9      | 7118 ||| INVOKING Heroism.
  7307 | D:9      | 7307 ||| INVOKING Heroism.
  7341 | D:9      | HP: 8/71 [yak (11)]
  7342 | D:9      | 7342 ||| READING scroll of teleportation.
  7343 | D:9      | 7343 ||| DRINKING potion of heal wounds.
  7344 | D:9      | 7344 ||| INVOKING Heroism.
  7347 | D:9      | Found a staircase to the Orcish Mines.
  7352 | D:9      | HP: 17/71 [orc/+0 hand axe (2)]
  7354 | D:9      | HP: 5/71 [orc priest/divine providence (12)]
  7360 | D:9      | Slain by an orc warrior

Levels and vault maps discovered:
D:1:      dpeg_arrival_refuge, layout_basic, dreamdust_ecumenical_altar_grove,
          minmay_split_cup_small
D:2:      layout_loops_ring, basic_altar, kennysheep_generic_room_13
D:3:      layout_basic, mainiacjoe_overflow_boulevard
D:4:      layout_basic, nicolae_overflow_crystal_walls,
          lightli_ossuary_entry_decrepit_ruins, serial_shops, shop,
          uniq_sigmund, uniq_duvessa, uniq_menkaure, uniq_ijyb
D:5:      minmay_skewed_foursquare, layout_gridville,
          mainiacjoe_overflow_brackets, serial_shops,
          nicolae_shop_temple_entry_statues_fountains
D:6:      layout_loops_ring, xom_confusion_cloud,
          mainiacjoe_overflow_concentric_impassable,
          nicolae_hepliaklqana_hippocampus, mainiacjoe_overflow_catch_the_wave,
          minmay_temple_entry_proselytizer, dreamdust_gnoll_farm, uniq_pikel,
          uniq_grinder
D:7:      layout_loops_ring, fedhas_altar_2, vehumet_crystals, grunt_livestock,
          hangedman_decor_clover_reticule, serial_park_tiny_1
D:8:      layout_rooms, enter_bailey_5, serial_ice, serial_ice_i, serial_ice_m,
          serial_ice_g, serial_ice_d, serial_ice_b, serial_ice_o, serial_ice_e,
          kb_lookout_dungeons_type
D:9:      layout_rooms, mainiacjoe_overflow_alcove_1, erik_orc_1

Skill      XL: |  1  2  3  4  5  6  7  8  9 10 11 |
---------------+----------------------------------+-----
Ranged Weapons | 5 6 7 8 10 11 13 | 13.3
Fighting       | 3 4 6 8 9 |  9.0
Armour         | 1 2 |  2.0
Invocations    | 3 4 5 |  5.5
Dodging        | 2 3 4 |  4.1
Stealth        | |  1.1

Action                     |  1- 3 |  4- 6 |  7- 9 | 10-12 || total
---------------------------+-------+-------+-------+-------++-------
   Fire: Shortbow          |    93 |   108 |   405 |   105 ||   711
         Orcbow            |       |       |       |   194 ||   194
 Invoke: Heroism           |       |       |    11 |     7 ||    18
    Use: Scroll            |     4 |     5 |    12 |     3 ||    24
         Potion            |     1 |     2 |     2 |     1 ||     6
 Armour: Leather armour    |    13 |       |       |       ||    13
         Ring mail         |       |    35 |       |       ||    35
         Robe              |       |       |    23 |    93 ||   116
  Dodge: Dodged            |    19 |    10 |    46 |   139 ||   214
  Block: Other             |       |       |       |    54 ||    54
         Reflection        |       |       |       |     2 ||     2

Table legend:
 A = Non-vault XP
 B = Vault XP
 C = Vault XP percentage of total XP
 D = Non-vault monster count
 E = Vault monster count
 F = Vault count percentage of total count
                 A         B        C        D         E       F
            +---------+---------+-------+---------+---------+-------
      Total |    4445 |    5866 |  56.9 |     152 |      98 |  39.2
            +---------+---------+-------+---------+---------+-------
        D:1 |      23 |       5 |  17.9 |      14 |       3 |  17.6
        D:2 |      52 |       4 |   7.1 |      22 |       2 |   8.3
        D:3 |     152 |       0 |   0.0 |      13 |       0 |   0.0
        D:4 |     218 |     653 |  75.0 |      30 |       5 |  14.3
        D:5 |     515 |     134 |  20.6 |      14 |       6 |  30.0
        D:6 |     426 |    1318 |  75.6 |      17 |      17 |  50.0
        D:7 |    1187 |     954 |  44.6 |      17 |       5 |  22.7
        D:8 |     826 |    2371 |  74.2 |       8 |      23 |  74.2
        D:9 |    1046 |     174 |  14.3 |      17 |       5 |  22.7
    Ossuary |       0 |     253 | 100.0 |       0 |      32 | 100.0
            +---------+---------+-------+---------+---------+-------
